 Dungeon Crawl Stone Soup version 0.16.0-16-g311141a (webtiles) character file.

2816 HungrySpirit the Cleaver (level 9, -12/86 HPs)
             Began as a Deep Dwarf Fighter on Mar 19, 2015.
             Was a Priest of Makhleb.
             Mangled by a two-headed ogre
             ... wielding a cursed +0 giant club
              (13 damage)
             ... on level 8 of the Dungeon.
             The game lasted 00:12:32 (5216 turns).

HungrySpirit the Cleaver (Deep Dwarf Fighter)       Turns: 5216, Time: 00:12:33

Health: -12/86     AC:  6    Str: 26    XL:     9   Next: 44%
Magic:  8/8        EV:  7    Int:  9    God:    Makhleb [***...]
Gold:   565        SH: 10    Dex: 18    Spells: 0 memorised, 8 levels left

rFire  . . .     SeeInvis .     a - +0 war axe
rCold  . . .     Clarity  .     b - +0 scale mail
rNeg   . . .     SustAb   .     c - +0 shield
rPois  .         Gourm    .     (no helmet)
rElec  .         Spirit   .     (no cloak)
rCorr  .         Warding  .     (no gloves)
rMut   .         Stasis   .     (no boots)
MR     +....                    F - amulet of rage
Stlth  ..........               A - +3 ring of dexterity
                                w - +6 ring of strength

@: non-regenerating, somewhat resistant to hostile enchantments, extremely
unstealthy
A: damage resistance, recharge devices, sense surroundings 2, slow healing 3
a: Device Recharging, Minor Destruction, Lesser Servant of Makhleb, Renounce
Religion, Evoke Berserk Rage


You were on level 8 of the Dungeon.
You worshipped Makhleb.
Makhleb was most pleased with you.
You were not hungry.

You visited 2 branches of the dungeon, and saw 9 of its levels.

You collected 565 gold pieces.

Inventory:

Hand weapons
 a - a +0 war axe (weapon)
Armour
 b - a +0 scale mail (worn)
 c - a +0 shield (worn)
Jewellery
 r - an uncursed amulet of faith
 w - a +6 ring of strength (left hand)
 A - a +3 ring of dexterity (right hand)
 F - an amulet of rage (around neck)
Magical devices
 d - a wand of heal wounds (3)
 o - a wand of draining (6)
 B - a wand of fire (0)
 D - a wand of magic darts (10)
 L - a wand of magic darts (26)
 P - a wand of draining (6)
Scrolls
 g - 11 scrolls of identify {unknown}
 j - 2 scrolls of recharging {unknown}
 k - 3 scrolls of amnesia {unknown}
 m - a scroll of random uselessness {unknown}
 n - 3 scrolls of noise {unknown}
 t - 2 scrolls of teleportation {unknown}
 u - a scroll of fog {unknown}
 x - 3 scrolls of remove curse {unknown}
 y - a scroll of blinking {unknown}
 C - a scroll of fear {unknown}
 H - 2 scrolls of immolation {unknown}
 I - 2 scrolls of magic mapping {unknown}
 M - a scroll of enchant weapon {unknown}
 N - a scroll of silence {unknown}
Potions
 e - 2 potions of might
 i - a potion of cure mutation {unknown}
 l - a potion of brilliance {unknown}
 p - 4 potions of curing {unknown}
 s - a potion of flight {unknown}
 v - 3 potions of magic {unknown}
 z - 2 potions of restore abilities {unknown}
 E - 2 potions of mutation {unknown}
 J - 3 potions of berserk rage {unknown}
 K - a potion of haste {unknown}
 O - 2 potions of poison {unknown}
 Q - a potion of invisibility {unknown}
Books
 G - a book of Beasts

   Spells                             Type                      Level
   a - Summon Butterflies             Summoning                    1
   b - Call Canine Familiar           Summoning                    3
   c - Summon Ice Beast               Ice/Summoning                4
   d - Summon Mana Viper              Hexes/Summoning              5
   e - Monstrous Menagerie            Summoning                    6
   f - Summon Hydra                   Summoning                    7
Comestibles
 f - 4 bread rations
 h - 7 meat rations
 q - a slice of pizza


   Skills:
 + Level 7.4 Fighting
 * Level 11.6 Axes
 + Level 3.4 Armour
 + Level 3.4 Shields


You had 8 spell levels left.
You didn't know any spells.

Dungeon Overview and Level Annotations

Branches:
Dungeon (8/15)             Temple (1/1) D:5
   Lair: D:8-11

Altars:
Ashenzari
Cheibriados
Dithmenos
Elyvilon
Gozag
Kikubaaqudgha
Makhleb
Nemelex Xobeh
Okawaru
Ru
Sif Muna
Trog
Vehumet
Xom
Yredelemnul
Zin
The Shining One

Shops:
D:5 =%[


Innate Abilities, Weirdness & Mutations

You are resistant to damage.
You can recharge devices by infusing magical energy.
You passively map the area around you.
You do not heal naturally.


Message History

You hit the two-headed ogre!
The two-headed ogre is moderately wounded.
You block the two-headed ogre's attack. x2
You slash the two-headed ogre!
The two-headed ogre is severely wounded.
The two-headed ogre closely misses you.
The two-headed ogre hits you with a giant club!!
* * * LOW HITPOINT WARNING * * *
Unknown command.
You are too injured to fight recklessly!
Unknown command.
You are too injured to fight recklessly!
You are too injured to fight recklessly!
You are too injured to fight recklessly!
Your shield and scale mail prevent you from hitting the two-headed ogre.
The two-headed ogre is severely wounded.
The two-headed ogre hits you with a giant club!!
* * * LOW HITPOINT WARNING * * *
The two-headed ogre hits you with a giant club!
You die...

* , , ... , +
,......... * , ,*
...<....... ,, * ,, ,
,......>......, , ,
............... ,
,*..............., , ,
............. ,
#.......O..# , ,
#.......@).# , ,,
+..........# , , ,
#.......(..+ , , ,,
#..........#####+ *
*##...?............. *
,....................
* , ,,
,...................
,,....................
, ..###+###...........


You could see a two-headed ogre.

Vanquished Creatures
  2 sky beasts (D:5)
  A phantom (D:6)
  5 ogres
  5 centaurs
  A big kobold (D:8)
  2 giant frogs (D:6)
  A gnoll sergeant (D:6)
  A water moccasin zombie (D:5)
  A scorpion (D:5)
  5 killer bees (D:6)
  A goliath beetle (D:6)
  2 crimson imps
  2 gnoll shamans (D:6)
  A jelly (D:6)
  2 orc priests
  8 hounds
  2 iguanas
  4 orc wizards (D:4)
  A giant frog skeleton (D:6)
  5 worker ants
  9 adders
  9 gnolls
  A shadow imp (D:6)
  2 worms
  A giant mite (D:3)
  An adder skeleton (D:6)
  3 giant geckos
  22 orcs
  10 bats
  A bat skeleton (D:6)
  A bat zombie (D:5)
  7 giant cockroaches
  6 goblins
  15 hobgoblins
  13 jackals
  19 kobolds
  3 quokkas
  A ball python (D:4)
  A giant newt (D:1)
  2 quokka zombies
  18 rats
  A spectral orc (D:3)
  2 ballistomycetes (D:7)
200 creatures vanquished.

Vanquished Creatures (others)
  A giant spore (D:7)
1 creature vanquished.

Grand Total: 201 creatures vanquished

Notes
Turn   | Place    | Note
--------------------------------------------------------------
     0 | D:1      | HungrySpirit, the Deep Dwarf Fighter, began the quest for the Orb.
     0 | D:1      | Reached XP level 1. HP: 20/20 MP: 1/1
   169 | D:1      | Reached XP level 2. HP: 22/27 MP: 2/2
   643 | D:2      | Reached XP level 3. HP: 24/34 MP: 3/3
  1168 | D:2      | Reached skill level 4 in Axes
  1495 | D:3      | Reached XP level 4. HP: 27/42 MP: 4/4
  1618 | D:3      | Reached XP level 5. HP: 41/49 MP: 5/5
  1647 | D:3      | Found a basalt altar of Yredelemnul.
  1650 | D:3      | Reached skill level 5 in Axes
  2108 | D:4      | Reached XP level 6. HP: 27/57 MP: 6/6
  2175 | D:4      | Reached skill level 6 in Axes
  2523 | D:5      | Entered Level 5 of the Dungeon
  2523 | D:5      | Found Faykoec's Food Shoppe.
  2535 | D:5      | Reached skill level 7 in Axes
  2535 | D:5      | Reached XP level 7. HP: 33/66 MP: 7/7
  2600 | D:5      | Found a staircase to the Ecumenical Temple.
  2619 | Temple   | Entered the Ecumenical Temple
  2655 | Temple   | Became a worshipper of Makhleb the Destroyer
  2688 | D:5      | Found Kheggar's Armour Emporium.
  2718 | D:5      | Reached skill level 5 in Fighting
  2925 | D:5      | Reached skill level 8 in Axes
  3011 | D:5      | Found Behidd's Jewellery Shoppe.
  3105 | D:5      | Acquired Makhleb's first power
  3425 | D:6      | Reached XP level 8. HP: 44/75 MP: 8/8
  3514 | D:6      | Reached skill level 9 in Axes
  3648 | D:6      | Reached skill level 10 in Axes
  3667 | D:6      | Acquired Makhleb's second power
  3711 | D:6      | Found a glowing golden altar of the Shining One.
  3785 | D:6      | Gained mutation: You passively map the area around you. [level up]
  3785 | D:6      | Reached XP level 9. HP: 26/85 MP: 8/8
  3896 | D:6      | Found a bloodstained altar of Trog.
  3896 | D:6      | Found an ancient bone altar of Kikubaaqudgha.
  4180 | D:6      | Reached skill level 11 in Axes
  4571 | D:7      | Found a shadowy altar of Dithmenos.
  4671 | D:7      | Found an opulent altar of Gozag.
  4717 | D:7      | Acquired Makhleb's third power
  5216 | D:8      | HP: 1/86 [two-headed ogre/giant club (20)]
  5216 | D:8      | Mangled by a two-headed ogre

Action                   |  1- 3 |  4- 6 |  7- 9 || total
-------------------------+-------+-------+-------++-------
Melee: War axe           |    80 |   120 |   251 ||   451
 Abil: Device Recharging |       |       |     1 ||     1
Evoke: Wand              |       |     2 |    15 ||    17
  Eat: Chunk             |     1 |     4 |     5 ||    10
       Fruit             |       |     3 |       ||     3
       Royal jelly       |       |       |     1 ||     1
